noty, neutral male human Tourist -------- -------- #.......| -------- |[[[.[)| ###|...ddd| |......| |.[...[| # |._.dd@.# -------- #-......| |.[.)[.| ### |....k.|# |....... #|......| |......| ------------ # |......|### |......| # #---.-.-- ---|---- |..........|### -------- # |.......#### ### ### ## |..........|# ##.......| # # # # |...*......|# |...>..| ### # ### ### |..........|# -------- # # # # |...<.......# ### ------# ## #### |..........| # |....|# --.-.------ ------------ ##.....-# |.........| |...>| |.........| ------ |.........| ----------- noty the Sightseer Experience level: 3 Strength: 14 Dexterity: 10 Constitution: 11 Intelligence: 12 Wisdom: 12 Charisma: 16 Health: 0(26) Energy: 11(11) Def: 6 Gold: 1134 Moves: 1927 Dungeon seed: JL5p3NgIePA4w5-I Game ID: noty_1467835958 Your Inventory: Coins $ - 1134 gold pieces Weapons a - 20 +2 darts (in quiver) s - a +0 katana (weapon in hand) Armor e - an uncursed +0 Hawaiian shirt (being worn) q - an uncursed +0 Uruk-hai shield (being worn) r - an uncursed +0 cloak of magic resistance (being worn) y - an uncursed +0 dwarvish iron helm (being worn) z - a cursed -4 banded mail (being worn) Comestibles b - 5 uncursed food rations c - 2 uncursed cream pies d - an uncursed egg f - 2 uncursed slime molds Scrolls h - 2 blessed scrolls of magic mapping i - 2 uncursed scrolls of magic mapping p - an uncursed scroll of identify Potions g - 2 uncursed potions of extra healing m - an uncursed potion of levitation o - an uncursed potion of object detection Wands l - a wand of create monster (0:9) Tools j - an expensive camera (0:98) k - an uncursed credit card Spells and supernatural/magical abilities: Name Level Category Fail Memory W - pray for help -- divine ? -- Your skills at the end: Fighting Skills wands [Basic] Weapon Skills dart [Basic] Spellcasting Skills Final Attributes: You were fervently aligned. You were magic-protected. You are dead. Vanquished creatures: an iguana a hobbit a large kobold 2 giant rats a brown mold a garter snake 9 geckos a jackal 2 foxes a kobold a goblin 3 sewer rats 6 grid bugs 2 lichens 5 newts 37 creatures vanquished. Voluntary challenges: You used a wielded weapon 16 times, starting on turn 1026. You read items or engraved 6 times, starting on turn 82. You never genocided any monsters. You never polymorphed an object. You never changed form. You used no wishes. You never split a pudding. You wrote Elbereth's name 4 times, starting on turn 82. You never violated your personal moral code. Dungeon overview: The Dungeons of Doom: levels 1 to 5 Level 1 a fountain a long staircase Level 2 Level 3 <- You were here an armor shop, an altar to The Lady stairs to The Gnomish Mines Level 4 a fountain Level 5 The Gnomish Mines: Level 4 stairs to The Dungeons of Doom History has recorded: On T:1 you entered the Dungeons of Doom to retrieve the Amulet of Yendor! On T:316 you reached level 2 of The Dungeons of Doom. On T:321 you reached level 3 of The Dungeons of Doom. On T:324 you reached level 1 of The Gnomish Mines. On T:452 you reached level 4 of The Dungeons of Doom. On T:1032 you advanced to experience level 2. On T:1266 you reached level 5 of The Dungeons of Doom. On T:1406 you advanced to experience level 3. Score breakdown: Gold: 289 ( 8376 points) Experience: 3 levels ( 7878 points) Exploration: 5 levels ( 10.20%) ( 8660 points) Discoveries: 4 items ( 1.33%) ( 3458 points) Valuables value: (no points given unless you survive) Artifact value: 0 ( 0 points) Variety of kills: 15 monsters ( 3.92%) ( 5937 points) Turncount: 1927 turns ( 0 points) Survival: died (score multiplied by 80%) Total score: 27447 Latest messages: A werejackal on the floor of a room. The large kobold hits! The werejackal hits! The large kobold hits! You feel much better The werejackal misses. The dart hits the werejackal. The werejackal summons help! The werejackal hits! The large kobold hits! The dart hits the werejackal. The werejackal misses. The jackal bites! The werejackal changes into a jackal. The werejackal summons help! The werejackal hits! The large kobold hits! You die... Final status: Aloha noty the Tourist, killed by a large kobold... You died in The Dungeons of Doom on dungeon level 3 with 27447 points, and 1134 pieces of gold, after 1927 moves. You were level 3 with a maximum of 26 hit points when you died.